 Dungeon Crawl Stone Soup version 0.22-a0-525-gf69a080 (webtiles) character file.

2372 Amnesiac the Nimble (level 9, -2/39 HPs)
             Began as a Spriggan Earth Elementalist on June 21, 2018.
             Was a Priest of Sif Muna.
             Hit by a large rock thrown by a cyclops (41 damage)
             ... on level 6 of the Dungeon.
             The game lasted 00:12:05 (6593 turns).

Amnesiac the Nimble (Spriggan Earth Elementalist)   Turns: 6593, Time: 00:12:05

Health: -2/39      AC:  7    Str:  4    XL:     9   Next: 21%
Magic:  16/21      EV: 25    Int: 20    God:    Sif Muna [***...]
Gold:   210        SH:  0    Dex: 16    Spells: 8/23 levels left

rFire    . . .     SeeInvis +   a - +3 quarterstaff (chaos)
rCold    + . .     Gourm    .   (shield currently unavailable)
rNeg     . . .     Faith    .   C - +2 robe {MR+}
rPois    .         Spirit   .   (helmet restricted)
rElec    .         Reflect  .   u - +0 cloak
rCorr    .         Harm     .   (gloves unavailable)
MR       +++..                  (boots unavailable)
Stlth    ++........             (no amulet)
HPRegen  0.13/turn              n - ring of protection from magic
MPRegen  0.17/turn              (no ring)

@: divine energy, very quick
A: very small, unfitting armour, antennae 1, molten scales 1, see invisible,
cold resistance 1, herbivore, speed 3, slow metabolism 2, MP-powered wands
a: Stop Divine Energy, Channel Magic, Renounce Religion


You were on level 6 of the Dungeon.
You worshipped Sif Muna.
Sif Muna was most pleased with you.
You were hungry.

You visited 2 branches of the dungeon, and saw 7 of its levels.

You collected 284 gold pieces.
You spent 74 gold pieces at shops.

Inventory:

Hand Weapons
 a - a +3 quarterstaff of chaos (weapon)
 b - a +1 dagger
Missiles
 H - 10 stones (quivered)
Armour
 u - a +0 cloak (worn)
 x - a +1 robe of fire resistance
 C - a +2 robe of magic resistance (worn)
Magical Staves
 v - an uncursed staff of wizardry
Jewellery
 n - a ring of protection from magic (left hand)
Wands
 w - a wand of iceblast (7)
 y - a wand of acid (6)
 A - a wand of clouds (4)
 F - a wand of paralysis (8)
 G - a wand of disintegration (6)
Scrolls
 e - 5 scrolls of enchant weapon {!r}
 g - 2 scrolls of teleportation {!r}
 h - a scroll of magic mapping {!r}
 l - a scroll of remove curse {!r}
 p - a scroll of fog {!r}
 q - a scroll of identify {!r}
 s - a scroll of blinking {!r}
 t - a scroll of amnesia {!r}
 z - a scroll of enchant armour {!r}
 E - a scroll of vulnerability {!r}
Potions
 c - a potion of haste {!q}
 f - a potion of mutation {!q}
 i - 2 potions of brilliance {!q}
 j - 2 potions of berserk rage {!q}
 k - a potion of resistance {!q, unknown}
 m - a potion of flight {!q}
 o - a potion of cancellation {!q}
 r - a potion of invisibility {!q}
 D - a potion of heal wounds {!q}
Comestibles
 d - 10 rations


   Skills:
 - Level 9.1 Dodging
 - Level 3.0 Stealth
 + Level 7.9 Spellcasting
 - Level 1.3 Transmutations
 * Level 8.6 Earth Magic


You had 8 spell levels left.
You knew the following spells:

 Your Spells              Type           Power        Failure   Level  Hunger
a - Stone Arrow           Conj/Erth      ####..       4%          3    None
b - Passwall              Tmut/Erth      ####....     1%          2    None
c - Sandblast             Erth           #####.       1%          1    None
d - Lee's Rapid Deconstr  Erth           #####.....   7%          5    #####..
e - Petrify               Tmut/Erth      ####....     11%         4    ###....

Your spell library contained the following spells:

 Spells                   Type           Power        Failure   Level  Hunger


Dungeon Overview and Level Annotations

Branches:
Dungeon (6/15)             Temple (1/1) D:4

Altars:
Ashenzari
Cheibriados
Dithmenos
Elyvilon
Fedhas
Gozag
Hepliaklqana
Kikubaaqudgha
Makhleb
Nemelex Xobeh
Okawaru
Qazlal
Ru
Sif Muna
Trog
Uskayaw
Vehumet
Wu Jian
Xom
Yredelemnul
The Shining One

Shops:
D:5 [


Innate Abilities, Weirdness & Mutations

You are very small and have problems with some larger weapons.
You are too small for most types of armour.
You have supernaturally acute eyesight. (SInv)
You are a herbivore.
You cover ground extremely quickly.
You need to consume almost no food.
You have a pair of small antennae on your head.
You are partially covered in molten scales. (AC +2)
Your flesh is cold resistant. (rC+)
You expend magic power (3 MP) to strengthen your wands.


Message History

The adder completely misses you.
You hit the adder.
The adder flickers and vanishes for a moment.
The adder is moderately wounded.
The adder completely misses you. The adder misses you.
You sock the adder!
The adder seems to slow down.
You freeze the adder.
You kill the adder!
Sif Muna accepts your kill.
There is an open door, spattered with blood here.
k - an orange potion {!q} A worker ant comes into view.
A worker ant is nearby!
A worker ant is nearby!
The worker ant twitches its antennae in your direction.
Things that are here:
a whip; a robe
Things that are here:
a dagger; a robe; an orc corpse You hit the worker ant.
The worker ant is poisoned.
The worker ant is lightly wounded.
The worker ant completely misses you.
You hit the worker ant.
The worker ant is severely wounded.
The worker ant misses you. The worker ant completely misses you.
You hit the worker ant. You burn the worker ant.
You kill the worker ant!
Sif Muna accepts your kill.
You hit the quokka skeleton.
The quokka skeleton is almost destroyed.
The quokka skeleton completely misses you. x2
You hit the quokka skeleton.
You destroy the quokka skeleton!
Sif Muna accepts your kill.
No target in view!
No target in view!
Things that are here:
a dagger; a robe; an orc corpse
Things that are here:
a shortbow; 25 arrows You found a teleport trap!
q - a scroll of identify {!r} You open the door.
A jelly comes into view.
A jelly is nearby!
A jelly is nearby!
A jelly is nearby!
A giant cockroach and a cyclops come into view.
There is an open door here.
There is an open door here.
Casting: Stone Arrow (safe; 4% risk of failure)
Confirm with . or Enter, or press ? or * to list all spells.
Aiming: Lee's Rapid Deconstruction (safe; 7% risk of failure)
Press: ? - help, Dir - move target cursor A rock wall.
The wall shatters!
The blast of rock fragments hits the cyclops.
The cyclops is heavily wounded.
The cyclops shouts!
You are feeling hungry.
The jelly quivers.
You hear an angry hiss.
The cyclops throws a large rock.
The large rock hits you!!!
Ouch! That really hurt!
You die...

.#..# #.....# #..#####+# .#.##
#####.# #####....# .#.###
**#.##########...## .#.#$##
*,#...##..##..##^## .#.#$$#*****
*,#...##..##..##.##
.#.##!....,#****#.##))##..##...##
.#.#*$⌠..⌠,#J##*#.##.)##..##...##
.#.#**.....#...##...##..##..##.##
.#[# *,.........@...##.†##..##.##
.#.#**.....#s..##.##..##..##...##
.#.#*!⌠..⌠,#C##*#.##..##..##...##
.#.##$l...,#****#...##..##..##.##
.#.#/(#***** *,#...##..##..##.##
##.#(## *,####..##..##...## #.###
*** #..##..##...##
#.##############################
##.#..............#..............


You could see a cyclops, a jelly and a giant cockroach (wandering).

Vanquished Creatures
  The ghost of Amnesiac the Thaumaturge, a novice SpEE of Ashenzari (D:5)
  A gargoyle (D:5)
  Sigmund (D:4)
  A sky beast (D:6)
  2 ice beasts
  2 ogres (D:6)
  4 centaurs
  2 scorpions
  2 crimson imps
  2 howler monkeys
  A centaur zombie (D:5)
  2 jellies
  2 orc priests
  Crazy Yiuf (D:3)
  A gnoll shaman (D:6)
  An iguana (D:4)
  2 orc wizards (D:6)
  3 worker ants
  A worker ant zombie (D:6)
  4 gnolls (D:6)
  7 adders
  2 oozes
  An adder skeleton (D:4)
  3 worms
  A dart slug (D:2)
  2 leopard geckos
  15 orcs
  3 giant cockroaches
  8 hobgoblins
  5 jackals
  4 quokkas
  2 ball pythons
  4 bats
  4 frilled lizards
  4 goblins
  8 kobolds
  A leopard gecko zombie (D:5)
  A quokka skeleton (D:6)
  A quokka zombie (D:6)
  6 rats
118 creatures vanquished.

Notes
Turn   | Place    | Note
-------+----------+-------------------------------------------
     0 | D:1      | Amnesiac the Spriggan Earth Elementalist began the quest for the Orb.
     0 | D:1      | Reached XP level 1. HP: 9/9 MP: 5/5
     0 | D:1      | Noticed a spriggan
     0 | D:1      | Noticed a minotaur
     2 | D:1      | Noticed a spriggan
     2 | D:1      | Noticed a formicid
     4 | D:1      | Noticed a ghoul
     7 | D:1      | Noticed a felid
     8 | D:1      | Noticed a formicid
     9 | D:1      | Noticed a spriggan
    11 | D:1      | Noticed a draconian
    11 | D:1      | Noticed an ogre
    13 | D:1      | Noticed a vampire
    14 | D:1      | Noticed a draconian
    17 | D:1      | Noticed a dwarf
    17 | D:1      | Noticed a draconian
    17 | D:1      | Noticed a centaur
    19 | D:1      | Noticed a spriggan
    19 | D:1      | Noticed a vampire
    21 | D:1      | Noticed a gargoyle
   134 | D:4      | Noticed Sigmund
   212 | D:4      | Reached XP level 2. HP: 9/13 MP: 5/7
   440 | D:4      | Found a staircase to the Ecumenical Temple.
   449 | Temple   | Entered the Ecumenical Temple
   510 | Temple   | Became a worshipper of Sif Muna the Loreminder
   768 | D:2      | Reached XP level 3. HP: 4/16 MP: 4/8
   792 | D:2      | Found a hazy altar of Hepliaklqana.
   952 | D:2      | Learned a level 2 spell: Passwall
  1850 | D:2      | Reached XP level 4. HP: 3/21 MP: 7/10
  2447 | D:3      | Found a shattered altar of Ashenzari.
  2494 | D:3      | Reached * piety under Sif Muna
  2634 | D:3      | Found a runed door.
  2813 | D:3      | Noticed Crazy Yiuf
  2822 | D:3      | Killed Crazy Yiuf
  2822 | D:3      | Reached XP level 5. HP: 19/24 MP: 7/12
  2960 | D:4      | Reached skill level 4 in Dodging
  2994 | D:4      | Learned a level 5 spell: Lee's Rapid Deconstruction
  2999 | D:4      | Learned a level 4 spell: Petrify
  3134 | D:4      | Reached skill level 5 in Earth Magic
  3134 | D:4      | Reached XP level 6. HP: 28/28 MP: 5/13
  3233 | D:4      | Killed Sigmund
  3233 | D:4      | Reached skill level 5 in Dodging
  3233 | D:4      | Reached skill level 5 in Spellcasting
  3740 | D:5      | Entered Level 5 of the Dungeon
  4114 | D:5      | Found an ancient bone altar of Kikubaaqudgha.
  4115 | D:5      | Found a basalt altar of Yredelemnul.
  4116 | D:5      | Found a sparkling altar of Nemelex Xobeh.
  4116 | D:5      | Found an ornate altar of the Wu Jian Council.
  4158 | D:5      | Reached XP level 7. HP: 28/32 MP: 8/16
  4263 | D:5      | Reached ** piety under Sif Muna
  4288 | D:5      | Found a runed gate.
  4288 | D:5      | Found a runed gate.
  4312 | D:5      | Found a runed gate.
  4316 | D:5      | Noticed a gargoyle
  4319 | D:5      | Noticed Amnesiac's ghost (novice SpEE)
  4356 | D:5      | Killed a gargoyle
  4356 | D:5      | Reached XP level 8. HP: 36/36 MP: 0/18
  4380 | D:5      | Killed Amnesiac's ghost
  4813 | D:5      | Found Jefet's Antique Armour Boutique.
  4818 | D:5      | Bought a glowing robe for 74 gold pieces
  5010 | D:5      | Reached *** piety under Sif Muna
  5237 | D:6      | Reached skill level 6 in Dodging
  5248 | D:6      | Reached skill level 7 in Dodging
  5304 | D:6      | Reached skill level 8 in Dodging
  5676 | D:6      | Reached XP level 9. HP: 19/39 MP: 5/21
  6023 | D:6      | Reached skill level 9 in Dodging
  6039 | D:6      | Learned a level 3 spell: Stone Arrow
  6421 | D:6      | Gained mutation: You have a pair of small antennae on your head. [potion of mutation]
  6421 | D:6      | Gained mutation: You expend magic power (3 MP) to strengthen your wands. [potion of mutation]
  6421 | D:6      | Gained mutation: Your flesh is cold resistant. (rC+) [potion of mutation]
  6421 | D:6      | Gained mutation: You are partially covered in molten scales. (AC +2) [potion of mutation]
  6590 | D:6      | Noticed a cyclops
  6593 | D:6      | Hit by a large rock thrown by a cyclops

Vault maps used:
D:1:      shiori_arrival_whats_in_store_for_you
D:2:      lemuel_coloured_pillars_altar, minmay_misc_feat_x
D:3:      ashenzari_altar_1, uniq_crazy_yiuf_cottage
D:4:      minmay_temple_entry_trees, first_ration, uniq_sigmund
D:5:      grunt_temple_overflow_open, serial_shops, nicolae_shop_stone,
          gammafunk_ghost_split
D:6:      wad_guarded_room, kennysheep_windowed_goal
Temple:   eino_wide_crystal_templ

Skill      XL: |  1  2  3  4  5  6  7  8  9 |
---------------+----------------------------+-----
Earth Magic    | 3 4 5 7 8 |  8.6
Spellcasting   | 3 4 5 6 7 |  7.9
Dodging        | 4 5 8 9 |  9.1
Stealth        | |  3.0
Transmutations | |  1.3

Action                   |  1- 3 |  4- 6 |  7- 9 || total
-------------------------+-------+-------+-------++-------
Melee: Quarterstaff      |    87 |    54 |    56 ||   197
       Dagger            |     1 |    11 |     5 ||    17
 Cast: Sandblast         |    27 |    48 |    41 ||   116
       Passwall          |     1 |     2 |     2 ||     5
       Lee's Rapid Decon |       |       |    11 ||    11
       Stone Arrow       |       |       |    13 ||    13
Invok: Divine Energy     |       |     1 |       ||     1
  Use: Scroll            |     7 |       |    12 ||    19
       Potion            |       |       |     2 ||     2
 Stab: Sleeping          |     8 |     2 |     1 ||    11
       Petrified         |       |       |     1 ||     1
       Paralysed         |       |       |     1 ||     1
  Eat: Ration            |       |     1 |     2 ||     3
Armor: Robe              |    11 |     8 |    15 ||    34
Dodge: Dodged            |   117 |    72 |    87 ||   276

Table legend:
 A = Spawn XP
 B = Non-spawn XP
 C = Spawn XP percentage of total XP
 D = Spawn monster count
 E = Non-spawn monster count
 F = Spawn count percentage of total count
 G = Total turns spent on level
                    A         B        C        D         E        F      G
               +---------+---------+-------+---------+---------+-------+---------
         Total |       0 |    3389 |   0.0 |       0 |     118 |   0.0 |  6593
               +---------+---------+-------+---------+---------+-------+---------
           D:1 |       0 |      19 |   0.0 |       0 |      12 |   0.0 |   851
           D:2 |       0 |      81 |   0.0 |       0 |      25 |   0.0 |   970
           D:3 |       0 |     112 |   0.0 |       0 |      17 |   0.0 |   583
           D:4 |       0 |     468 |   0.0 |       0 |      18 |   0.0 |  1263
           D:5 |       0 |    1520 |   0.0 |       0 |      16 |   0.0 |  1448
           D:6 |       0 |    1189 |   0.0 |       0 |      30 |   0.0 |  1405
               +---------+---------+-------+---------+---------+-------+---------
